 Dungeon Crawl Stone Soup version 0.31-a0-845-g9abc20d (webtiles) character file.

Game seed: 14622338991099337097

7 PurpleRed the Slasher (level 1, 0/13 HPs)
             Began as a Deep Elf Berserker on Oct 1, 2023.
             Was a Follower of Trog.
             Slain by a jackal (3 damage)
             ... on level 1 of the Dungeon.
             The game lasted 00:00:24 (37 turns).

PurpleRed the Slasher (Deep Elf Berserker)            Turns: 37, Time: 00:00:25

Health: 0/13       AC:  2    Str: 14    XL:     1   Next: 83%
Magic:  3/3        EV: 12    Int: 11    God:    Trog [*.....]
Gold:   3          SH:  0    Dex: 14    Spells: 0/0 levels left

rFire   . . .        a - +0 falchion
rCold   . . .        (no shield)
rNeg    . . .        b - +0 animal skin
rPois   .            (no helmet)
rElec   .            (no cloak)
rCorr   .            (no gloves)
SInv    .            (no boots)
Will    .....        (no amulet)
Stlth   +            (no ring)
HPRegen 0.22/turn    (no ring)
MPRegen 0.08/turn

%: no passive effects
@: weak-willed, on berserk cooldown, slowed, very slow
A: no striking features
a: Renounce Religion, Berserk


You were on level 1 of the Dungeon.
You worshipped Trog.
Trog was aware of your devotion.
You visited 1 branch of the dungeon, and saw 1 of its levels.

You collected 3 gold pieces.

Inventory:

Hand Weapons
 a - a +0 falchion (weapon)
Armour
 b - a +0 animal skin (worn)


   Skills:
 + Level 2.5 Fighting
 * Level 3.0 Long Blades
 - Level 1.5 Armour
 - Level 2.4 Dodging


You couldn't memorise any spells.
You didn't know any spells.
Your spell library was empty.

Dungeon Overview and Level Annotations

Branches:
Dungeon (1/15)

Altars:


Message History

The jackal bites you but does no damage.
You miss the jackal. The jackal barely misses you.
You hit the jackal.
The jackal is severely wounded.
The bat barely misses you. The jackal barely misses you.
You closely miss the jackal.
The jackal is severely wounded.
The jackal misses you.
You slash the jackal!
You kill the jackal!
Trog accepts your kill. The bat misses you. The jackal barely misses you.
You closely miss the jackal.
You are no longer berserk.
You are exhausted.
You feel yourself slow down. The jackal misses you.
You barely miss the jackal. The bat hits you but does no damage.
The jackal bites you.
The jackal bites you but does no damage.
The jackal bites you. The bat closely misses you.
The jackal closely misses you.
You closely miss the jackal. The jackal misses you. The bat barely misses you.
The jackal completely misses you. The jackal closely misses you.
A hobgoblin comes into view.
The bat barely misses you.
The jackal bites you but does no damage.
The jackal barely misses you. x2; The hobgoblin moves out of view.
You barely miss the jackal.
The jackal bites you but does no damage.
The jackal bites you.
* * * LOW HITPOINT WARNING * * *
The bat hits you.
* * * LOW HITPOINT WARNING * * *
The jackal misses you. The jackal barely misses you.
You aren't carrying any potions.
As you read the scroll labelled OROVADI QIURPH, it crumbles to dust.
Magic quickly surges around you.
It was a scroll of vulnerability.
The bat hits you but does no damage. The jackal closely misses you. x2
The jackal bites you.
You die...

.K ......... ... .....
...........#. .....
#..... ....?.
#....##....# ......
..##..........##......
......................
................b[.#
..............)....##..
..............†@.......
.........>.....hh......
.........<..........##.
....................#
......................
.......................
..................##...
..................# ...
.##..........##...


You could see 2 jackals and a bat (weak-willed).

Vanquished Creatures
  A giant cockroach (D:1)
  A goblin (D:1)
  A hobgoblin (D:1)
  A jackal (D:1)
  A kobold (D:1)
  A rat (D:1)
6 creatures vanquished.

Notes
Turn   | Place    | Note
-------+----------+-------------------------------------------
     0 | D:1      | PurpleRed the Deep Elf Berserker began the quest for the
                  | Orb.
     0 | D:1      | Reached XP level 1. HP: 13/13 MP: 3/3
    28 | D:1      | Reached skill level 3 in Long Blades
    37 | D:1      | Slain by a jackal

Illustrated notes

Levels and vault maps discovered:
D:1:      dpeg_arrival_stonehenge_12_columns, layout_basic, hex_intersection,
          minmay_heptomino_o4

Skill      XL: |  1 |
---------------+----+-----
Long Blades    | 3 |  3.0
Fighting       | |  2.5
Armour         | |  1.5
Dodging        | |  2.4

Action                     || total
---------------------------++-------
  Melee: Falchion          ||    23
 Invoke: Berserk           ||     1
    Use: Scroll            ||     1
 Armour: Animal skin       ||    29
  Dodge: Dodged            ||    38

Table legend: (Time is in decaauts)
 A = Elapsed time spent in this place.
 B = Non-inter-level travel time spent in this place.
 C = Inter-level travel time spent in this place.
 D = Time resting spent in this place.
 E = Time spent auto-exploring this place.
 F = Levels seen in this place.
 G = Mean time per level.
                   A        B        C        D        E       F      G
               +--------+--------+--------+--------+--------+-----+--------+
         Total |     35 |     35 |      0 |      0 |      0 |   1 |   35.0 |
       Dungeon |     35 |     35 |      0 |      0 |      0 |   1 |   35.0 |
               +--------+--------+--------+--------+--------+-----+--------+

Top non-repeatable levels by time:
     D:1: 35 daAuts
